Senators vs RedWings

Created - 23 mars 2018 at 09:01

Goals
1 2 3 T
Senators 1 1 3 5
RedWings 1 0 2 3
Shots
1 2 3 T
Senators 9 8 12 29
RedWings 8 5 11 24

1st period

1. Senators , Mark Stone 24 (Brayden Schenn 31, Michael Stone 35) at 3:31 (PP)
2. RedWings , Sean Monahan 34 (Nick Jensen 11) at 16:27

Penalties :
Paul Martin (DET) for Roughing (Minor) at 2:29, Paul Martin (DET) for Tripping (Minor) at 19:07

2nd period

3. Senators , Brayden Schenn 29 (Tyler Seguin 41, Kevin Bieksa 16) at 0:20 (PP)

Penalties :
No Penalty

3rd period

4. RedWings , David Pastrnak 40 (Filip Forsberg 52) at 8:50
5. Senators , Jussi Jokinen 15 (Zbynek Michalek 8, Anton Lander 7) at 9:05
6. Senators , Mark Stone 25 (Mike Hoffman 39, Eric Staal 48) at 11:14
7. RedWings , Sean Monahan 35 (Paul Martin 33, Filip Forsberg 53) at 12:26
8. Senators , Eric Staal 31 (Mike Hoffman 40, Mark Stone 38) at 16:04

Penalties :
Tyler Seguin (OTT) for Hooking (Minor) at 19:30

Goalie Stats

Craig Anderson (OTT), 21 saves from 24 shots - (0.875), W, 23-21-3, 60:00 minutes
John Gibson (DET), 24 saves from 29 shots - (0.828), L, 17-12-0, 60:00 minutes

Players Stats for Senators

Player Name              G  A  P  +/- PIM S  H  SB GA TA FO     MP     PP MP  PK MP  
------------------------------------------------------------------------------------
Anton Lander             0  1  1   0  0   2  0  0  0  0  10/22  18:33   0:44   0:14 
Brayden Schenn           1  1  2   0  0   4  0  0  0  0  3/5    19:51   1:31   0:15 
Danny DeKeyser           0  0  0  -2  0   0  0  0  0  0  0/0     5:19   0:00   0:00 
Drew Miller              0  0  0   0  0   3  0  0  0  0  1/2    16:02   0:00   0:14 
Eric Staal               1  1  2   0  0   3  0  1  0  0  14/24  21:03   0:00   0:15 
Jason Garrison           0  0  0   0  0   0  0  0  0  0  0/0    19:48   0:26   0:14 
Jussi Jokinen            1  0  1   0  0   3  1  0  0  0  1/4    17:04   0:44   0:00 
Kevin Bieksa             0  1  1   0  0   1  4  1  0  0  0/0    23:32   1:49   0:15 
Lauri Korpikoski         0  0  0   0  0   0  0  0  0  0  0/1    19:37   0:00   0:00 
Mark Stone               2  1  3   0  0   6  1  0  0  0  0/0    22:19   1:31   0:00 
Matt Puempel             0  0  0   0  0   0  0  0  0  0  0/0     0:36   0:00   0:00 
Michael Stone            0  1  1   0  0   1  0  1  0  0  0/0    20:05   0:26   0:14 
Mike Hoffman             0  2  2   0  0   3  2  0  0  0  0/2    21:15   0:44   0:00 
Niklas Hjalmarsson       0  0  0   2  0   1  0  1  0  0  0/0    19:58   1:49   0:00 
Rob OGara                0  0  0   0  0   0  0  0  0  0  0/0     0:17   0:00   0:00 
Robbie Russo             0  0  0   0  0   0  1  3  0  0  0/0    15:47   0:00   0:00 
Tyler Seguin             0  1  1   0  2   2  4  0  0  0  9/22   22:22   1:31   0:00 
Zbynek Michalek          0  1  1   0  0   0  0  2  0  0  0/0    16:02   0:00   0:15 

Players Stats for RedWings

Player Name              G  A  P  +/- PIM S  H  SB GA TA FO     MP     PP MP  PK MP  
------------------------------------------------------------------------------------
Andrew Cogliano          0  0  0   0  0   0  0  0  0  0  0/0     0:44   0:00   0:44 
Ben Lovejoy              0  0  0   0  0   0  0  3  0  0  0/0    23:19   0:00   1:23 
David Pastrnak           1  0  1   2  0   2  2  0  0  0  0/2    22:16   0:00   0:09 
Dennis Seidenberg        0  0  0   0  0   1  0  0  0  0  0/0    21:51   0:00   0:52 
Eric Gryba               0  0  0   0  0   0  3  2  0  0  0/0    14:50   0:29   0:00 
Erik Haula               0  0  0  -2  0   0  1  0  0  0  16/29  18:51   0:00   1:31 
Filip Forsberg           0  2  2   2  0   4  2  0  0  0  1/1    22:36   0:29   0:00 
Jonathan Drouin          0  0  0   0  0   2  2  0  0  0  0/0    18:18   0:29   0:00 
Kris Russell             0  0  0   0  0   0  1  0  0  0  0/0    22:22   0:00   1:23 
Loui Eriksson            0  0  0   0  0   1  1  0  0  0  0/1    19:11   0:00   1:22 
Micheal Ferland          0  0  0  -1  0   1  0  0  0  0  0/0     5:46   0:00   0:00 
Nick Jensen              0  1  1   0  0   0  0  2  0  0  0/0    14:21   0:00   0:00 
Paul Martin              0  1  1   0  4   1  0  3  0  0  0/0    22:23   0:29   0:00 
Ryan Hartman             0  0  0  -1  0   0  3  0  0  0  0/0    11:34   0:00   0:00 
Sam Gagner               0  0  0   0  0   2  2  0  0  0  15/24  17:49   0:00   0:00 
Sean Monahan             2  0  2   2  0   8  0  0  0  0  11/24  23:20   0:29   0:44 
Thomas Hickey            0  0  0   0  0   0  0  0  0  0  0/0     0:52   0:00   0:52 
Tyler Toffoli            0  0  0  -2  0   2  1  0  0  0  1/1    17:20   0:00   0:00 

3 Stars

1 - Mark Stone (OTT)
2 - Sean Monahan (DET)
3 - Eric Staal (OTT)

Power Play

Senators - 2 on 2 Attempt(s) - 100.00%
RedWings - 0 on 1 Attempt(s) - 0.00%

Penalty Kill

Senators - 1 on 1 Attempt(s) - 100.00% - Score 0 goal in Penalty Kill
RedWings - 0 on 2 Attempt(s) - 0.00% - Score 0 goal in Penalty Kill

Team Stat

Senators - Hits : 13 - Faceoff Wins : 38 - Blocked Shots : 9 - Penalty Minutes : 2
RedWings - Hits : 18 - Faceoff Wins : 44 - Blocked Shots : 10 - Penalty Minutes : 4

Official

Referees : Jean Hebert and Graham Skiliter
Linesman : Mark Shewchyk and Brad Lazarowich

Game Notes

No Game Note

Finance

Level 1 -- Attendance: 6500 (100.00%) -- Ticket Income 435 500 $
Level 2 -- Attendance: 5000 (100.00%) -- Ticket Income 250 000 $
Level 3 -- Attendance: 3500 (100.00%) -- Ticket Income 94 500 $
Level 4 -- Attendance: 3054 (75.84%) -- Ticket Income 24 432 $
Luxury Box -- Attendance: 1000 (100.00%) -- Ticket Income 130 000 $
Game was played at the Joe Louis Arena.
Total Attendance: 19054 (95.14%)
Total Ticket Income: 934 432 $
Other Income: 140 165 $
Total Income: 1 074 597 $

% Time on Ice - Senators

Lines # - Real PCT - Wanted PCT - Time Play
Normal Forward
1 - 38% - 40% - 21:49
2 - 28% - 30% - 16:04
3 - 27% - 20% - 15:23
4 - 7% - 10% - 4:00
Normal Defense
1 - 30% - 40% - 17:14
2 - 33% - 30% - 19:08
3 - 28% - 20% - 15:47
4 - 9% - 10% - 5:07
PP Forward
1 - 67% - 60% - 1:31
2 - 33% - 40% - 0:44
PP Defense
1 - 81% - 60% - 1:49
2 - 19% - 40% - 0:26
PK Forward
1 - 100% - 60% - 0:29
2 - 0% - 40% - 0:00
PK Defense
1 - 52% - 60% - 0:15
2 - 48% - 40% - 0:14
PK3 Forward
1 - 0% - 60%
2 - 0% - 40%
PK3 Defense
1 - 0% - 60%
2 - 0% - 40%
44 Forward
1 - 0% - 60%
2 - 0% - 40%
44 Defense
1 - 0% - 60%
2 - 0% - 40%
Last Minute Offensive  - 0:00
Last Minute Defensive  - 0:00
Total
Forward - 60:00
Defense - 60:00

% Time on Ice - RedWings

Lines # - Real PCT - Wanted PCT - Time Play
Normal Forward
1 - 39% - 40% - 22:07
2 - 31% - 30% - 17:49
3 - 20% - 20% - 11:34
4 - 10% - 10% - 5:46
Normal Defense
1 - 33% - 40% - 19:05
2 - 37% - 30% - 20:59
3 - 25% - 20% - 14:21
4 - 5% - 10% - 2:51
PP Forward
1 - 0% - 60% - 0:00
2 - 100% - 40% - 0:29
PP Defense
1 - 100% - 60% - 0:29
2 - 0% - 40% - 0:00
PK Forward
1 - 67% - 60% - 1:31
2 - 33% - 40% - 0:44
PK Defense
1 - 61% - 60% - 1:23
2 - 39% - 40% - 0:52
PK3 Forward
1 - 0% - 60%
2 - 0% - 40%
PK3 Defense
1 - 0% - 60%
2 - 0% - 40%
44 Forward
1 - 0% - 60%
2 - 0% - 40%
44 Defense
1 - 0% - 60%
2 - 0% - 40%
Last Minute Offensive  - 0:00
Last Minute Defensive  - 0:00
Total
Forward - 60:00
Defense - 60:00

Play by Play

1st period


0:01 of 1st period - Sean Monahan wins face-off versus Mike Hoffman in neutral zone.
0:32 of 1st period - Shot by Eric Staal.
0:32 of 1st period - Shot Misses the Net.
0:45 of 1st period - Icing by Kevin Bieksa.
0:46 of 1st period - Sam Gagner wins face-off versus Eric Staal in Senators zone.
2:05 of 1st period - Shot by Drew Miller.
2:05 of 1st period - Stopped by John Gibson without a rebound.
2:06 of 1st period - Eric Staal wins face-off versus Sean Monahan in RedWings zone.
2:20 of 1st period - Shot by Mark Stone.
2:20 of 1st period - Shot Misses the Net.
2:29 of 1st period - Minor Penalty to Paul Martin for Roughing.
2:30 of 1st period - Erik Haula wins face-off versus Jussi Jokinen in RedWings zone.
2:30 of 1st period - Erik Haula is hit by Mike Hoffman.
2:39 of 1st period - Icing by Anton Lander.
2:40 of 1st period - Jussi Jokinen wins face-off versus Erik Haula in Senators zone.
3:22 of 1st period - Tyler Seguin is hit by Kris Russell and loses puck.
3:25 of 1st period - Shot by Michael Stone.
3:25 of 1st period - Shot Misses the Net.
3:31 of 1st period - Shot by Mark Stone.
3:31 of 1st period - Goal by Mark Stone - Senators : 1 - RedWings : 0.
3:32 of 1st period - Tyler Seguin wins face-off versus Erik Haula in neutral zone.
3:36 of 1st period - Tyler Seguin is hit by Eric Gryba and loses puck.
3:47 of 1st period - Shot by Brayden Schenn.
3:47 of 1st period - Shot Misses the Net.
4:19 of 1st period - Shot by Anton Lander.
4:19 of 1st period - Stopped by John Gibson without a rebound.
4:20 of 1st period - Sean Monahan wins face-off versus Eric Staal in RedWings zone.
6:05 of 1st period - Sam Gagner is hit by Robbie Russo.
6:13 of 1st period - Shot by Jonathan Drouin.
6:13 of 1st period - Shot Misses the Net.
6:24 of 1st period - Icing by Zbynek Michalek.
6:25 of 1st period - Erik Haula wins face-off versus Tyler Seguin in Senators zone.
6:30 of 1st period - Shot by Ryan Hartman.
6:30 of 1st period - Shot Blocked by Zbynek Michalek.
6:32 of 1st period - Shot by Tyler Toffoli.
6:32 of 1st period - Shot Blocked by Robbie Russo.
6:34 of 1st period - Shot by Tyler Toffoli.
6:34 of 1st period - Stopped by Craig Anderson without a rebound.
6:35 of 1st period - Erik Haula wins face-off versus Eric Staal in Senators zone.
6:56 of 1st period - Shot by Micheal Ferland.
6:56 of 1st period - Stopped by Craig Anderson without a rebound.
6:57 of 1st period - Sam Gagner wins face-off versus Jussi Jokinen in Senators zone.
7:07 of 1st period - Off-side.
7:08 of 1st period - Erik Haula wins face-off versus Eric Staal in neutral zone.
7:40 of 1st period - Dennis Seidenberg is hit by Mike Hoffman and loses puck.
8:09 of 1st period - Kris Russell is hit by Tyler Seguin and loses puck.
8:20 of 1st period - Shot by Anton Lander.
8:20 of 1st period - Shot Misses the Net.
8:22 of 1st period - Shot by Michael Stone.
8:22 of 1st period - Shot Misses the Net.
8:45 of 1st period - Anton Lander is hit by Ryan Hartman and loses puck.
8:59 of 1st period - Icing by Kris Russell.
9:00 of 1st period - Erik Haula wins face-off versus Eric Staal in RedWings zone.
9:18 of 1st period - Off-side.
9:19 of 1st period - Sam Gagner wins face-off versus Brayden Schenn in neutral zone.
9:23 of 1st period - Off-side.
9:24 of 1st period - Anton Lander wins face-off versus Sean Monahan in neutral zone.
9:43 of 1st period - Shot by Filip Forsberg.
9:43 of 1st period - Shot Misses the Net.
9:55 of 1st period - Shot by David Pastrnak.
9:55 of 1st period - Shot Blocked by Niklas Hjalmarsson.
10:03 of 1st period - Shot by Sean Monahan.
10:03 of 1st period - Shot Misses the Net.
10:23 of 1st period - Shot by Sam Gagner.
10:23 of 1st period - Stopped by Craig Anderson without a rebound.
10:24 of 1st period - Sam Gagner wins face-off versus Eric Staal in Senators zone.
10:31 of 1st period - Shot by Sam Gagner.
10:31 of 1st period - Deflect By Loui Eriksson.
10:31 of 1st period - Stopped by Craig Anderson without a rebound.
10:32 of 1st period - Sam Gagner wins face-off versus Tyler Seguin in Senators zone.
11:01 of 1st period - Shot by Tyler Seguin.
11:01 of 1st period - Deflect By Brayden Schenn.
11:01 of 1st period - Shot Misses the Net.
11:41 of 1st period - Shot by Filip Forsberg.
11:41 of 1st period - Stopped by Craig Anderson without a rebound.
11:42 of 1st period - Drew Miller wins face-off versus Sean Monahan in Senators zone.
11:58 of 1st period - Filip Forsberg is hit by Kevin Bieksa.
12:10 of 1st period - Shot by Tyler Seguin.
12:10 of 1st period - Stopped by John Gibson without a rebound.
12:11 of 1st period - Eric Staal wins face-off versus Erik Haula in RedWings zone.
12:55 of 1st period - Icing by Dennis Seidenberg.
12:56 of 1st period - Anton Lander wins face-off versus Erik Haula in RedWings zone.
12:59 of 1st period - Shot by Kevin Bieksa.
12:59 of 1st period - Stopped by John Gibson without a rebound.
13:00 of 1st period - Tyler Seguin wins face-off versus David Pastrnak in RedWings zone.
13:07 of 1st period - Shot by Filip Forsberg.
13:07 of 1st period - Stopped by Craig Anderson without a rebound.
13:08 of 1st period - Anton Lander wins face-off versus Sam Gagner in Senators zone.
14:00 of 1st period - Icing by Nick Jensen.
14:01 of 1st period - Tyler Seguin wins face-off versus Sean Monahan in RedWings zone.
14:31 of 1st period - Shot by Filip Forsberg.
14:31 of 1st period - Deflect By Sean Monahan.
14:31 of 1st period - Stopped by Craig Anderson without a rebound.
14:32 of 1st period - Erik Haula wins face-off versus Eric Staal in Senators zone.
14:45 of 1st period - Shot by Ryan Hartman.
14:45 of 1st period - Deflect By Erik Haula.
14:45 of 1st period - Shot Hit the Post.
14:47 of 1st period - Shot by Erik Haula.
14:47 of 1st period - Shot Blocked by Eric Staal.
15:29 of 1st period - Shot by Tyler Seguin.
15:29 of 1st period - Shot Misses the Net.
15:31 of 1st period - Shot by Kevin Bieksa.
15:31 of 1st period - Shot Blocked by Paul Martin.
15:33 of 1st period - Shot by Danny DeKeyser.
15:33 of 1st period - Shot Blocked by Ben Lovejoy.
15:35 of 1st period - Shot by Danny DeKeyser.
15:35 of 1st period - Shot Misses the Net.
15:37 of 1st period - Shot by Tyler Seguin.
15:37 of 1st period - Shot Misses the Net.
16:27 of 1st period - Shot by Sean Monahan.
16:27 of 1st period - Goal by Sean Monahan - Senators : 1 - RedWings : 1.
16:28 of 1st period - Eric Staal wins face-off versus Erik Haula in neutral zone.
16:28 of 1st period - Eric Staal is hit by Tyler Toffoli.
16:43 of 1st period - Shot by Mike Hoffman.
16:43 of 1st period - Stopped by John Gibson without a rebound.
16:44 of 1st period - Sean Monahan wins face-off versus Anton Lander in RedWings zone.
16:50 of 1st period - Icing by Robbie Russo.
16:51 of 1st period - Anton Lander wins face-off versus Sam Gagner in Senators zone.
16:58 of 1st period - Shot by Drew Miller.
16:58 of 1st period - Shot Misses the Net.
17:00 of 1st period - Shot by Drew Miller.
17:00 of 1st period - Stopped by John Gibson without a rebound.
17:01 of 1st period - Eric Staal wins face-off versus David Pastrnak in RedWings zone.
17:04 of 1st period - Shot by Mike Hoffman.
17:04 of 1st period - Shot Misses the Net.
17:53 of 1st period - Icing by Kris Russell.
17:54 of 1st period - Sam Gagner wins face-off versus Tyler Seguin in RedWings zone.
17:54 of 1st period - Sam Gagner is hit by Tyler Seguin.
18:40 of 1st period - Icing by Kris Russell.
18:41 of 1st period - Anton Lander wins face-off versus Sam Gagner in RedWings zone.
18:54 of 1st period - Shot by Drew Miller.
18:54 of 1st period - Stopped by John Gibson without a rebound.
18:55 of 1st period - Eric Staal wins face-off versus Sean Monahan in RedWings zone.
19:06 of 1st period - Shot by Mark Stone.
19:06 of 1st period - Stopped by John Gibson with a rebound.
19:07 of 1st period - Minor Penalty to Paul Martin for Tripping.
19:08 of 1st period - Erik Haula wins face-off versus Tyler Seguin in RedWings zone.
19:35 of 1st period - Icing by Brayden Schenn.
19:36 of 1st period - Tyler Seguin wins face-off versus Erik Haula in Senators zone.
19:36 of 1st period - Tyler Seguin is hit by Erik Haula.
Goals for this period are 1 for Senators vs 1 for RedWings.
Shots for this period are 9 for Senators vs 8 for RedWings.

2nd period


0:01 of 2nd period - Tyler Seguin wins face-off versus Erik Haula in neutral zone.
0:20 of 2nd period - Shot by Brayden Schenn.
0:20 of 2nd period - Goal by Brayden Schenn - Senators : 2 - RedWings : 1.
0:21 of 2nd period - Sean Monahan wins face-off versus Jussi Jokinen in neutral zone.
0:24 of 2nd period - Shot by David Pastrnak.
0:24 of 2nd period - Stopped by Craig Anderson without a rebound.
0:25 of 2nd period - Anton Lander wins face-off versus Sean Monahan in Senators zone.
0:25 of 2nd period - Anton Lander is hit by Filip Forsberg.
0:41 of 2nd period - Shot by Anton Lander.
0:41 of 2nd period - Deflect By Tyler Seguin.
0:41 of 2nd period - Shot Misses the Net.
0:43 of 2nd period - Shot by Zbynek Michalek.
0:43 of 2nd period - Shot Blocked by Ben Lovejoy.
1:10 of 2nd period - Icing by Robbie Russo.
1:11 of 2nd period - Erik Haula wins face-off versus Anton Lander in Senators zone.
1:42 of 2nd period - Shot by Erik Haula.
1:42 of 2nd period - Shot Blocked by Robbie Russo.
2:26 of 2nd period - Shot by Loui Eriksson.
2:26 of 2nd period - Shot Misses the Net.
2:43 of 2nd period - Robbie Russo is hit by David Pastrnak and loses puck.
3:09 of 2nd period - Icing by Zbynek Michalek.
3:10 of 2nd period - Erik Haula wins face-off versus Anton Lander in Senators zone.
3:17 of 2nd period - Shot by Erik Haula.
3:17 of 2nd period - Shot Blocked by Robbie Russo.
3:35 of 2nd period - Shot by Erik Haula.
3:35 of 2nd period - Shot Misses the Net.
3:58 of 2nd period - Eric Staal is hit by Eric Gryba and loses puck.
4:34 of 2nd period - Shot by Jonathan Drouin.
4:34 of 2nd period - Stopped by Craig Anderson without a rebound.
4:35 of 2nd period - Eric Staal wins face-off versus Sean Monahan in Senators zone.
4:35 of 2nd period - Eric Staal is hit by David Pastrnak.
5:10 of 2nd period - Shot by Sean Monahan.
5:10 of 2nd period - Stopped by Craig Anderson without a rebound.
5:11 of 2nd period - Brayden Schenn wins face-off versus Sam Gagner in Senators zone.
5:11 of 2nd period - Brayden Schenn is hit by Sam Gagner.
5:17 of 2nd period - Shot by Sam Gagner.
5:17 of 2nd period - Shot Misses the Net.
5:24 of 2nd period - Drew Miller is hit by Jonathan Drouin.
6:12 of 2nd period - Shot by Eric Staal.
6:12 of 2nd period - Stopped by John Gibson with a rebound.
6:14 of 2nd period - Shot by Eric Staal.
6:14 of 2nd period - Deflect By Mike Hoffman.
6:14 of 2nd period - Stopped by John Gibson with a rebound.
6:16 of 2nd period - Shot by Kevin Bieksa.
6:16 of 2nd period - Shot Blocked by Paul Martin.
6:36 of 2nd period - Shot by Brayden Schenn.
6:36 of 2nd period - Stopped by John Gibson without a rebound.
6:37 of 2nd period - Brayden Schenn wins face-off versus Erik Haula in RedWings zone.
6:50 of 2nd period - Shot by Ryan Hartman.
6:50 of 2nd period - Shot Misses the Net.
7:04 of 2nd period - Shot by Brayden Schenn.
7:04 of 2nd period - Shot Blocked by Eric Gryba.
7:29 of 2nd period - Off-side.
7:30 of 2nd period - Sam Gagner wins face-off versus Tyler Seguin in neutral zone.
7:46 of 2nd period - Shot by Loui Eriksson.
7:46 of 2nd period - Shot Misses the Net.
7:48 of 2nd period - Shot by Sam Gagner.
7:48 of 2nd period - Stopped by Craig Anderson without a rebound.
7:49 of 2nd period - Filip Forsberg wins face-off versus Mike Hoffman in Senators zone.
8:37 of 2nd period - Off-side.
8:38 of 2nd period - Sam Gagner wins face-off versus Anton Lander in neutral zone.
8:53 of 2nd period - Shot by Drew Miller.
8:53 of 2nd period - Shot Blocked by Ben Lovejoy.
9:14 of 2nd period - Icing by Paul Martin.
9:15 of 2nd period - Sam Gagner wins face-off versus Brayden Schenn in RedWings zone.
10:18 of 2nd period - Shot by David Pastrnak.
10:18 of 2nd period - Shot Blocked by Zbynek Michalek.
11:03 of 2nd period - Jonathan Drouin is hit by Kevin Bieksa.
11:13 of 2nd period - Shot by Loui Eriksson.
11:13 of 2nd period - Shot Misses the Net.
12:00 of 2nd period - Icing by Erik Haula.
12:01 of 2nd period - Tyler Toffoli wins face-off versus Anton Lander in RedWings zone.
12:19 of 2nd period - Off-side.
12:20 of 2nd period - Sean Monahan wins face-off versus Eric Staal in neutral zone.
12:20 of 2nd period - Sean Monahan is hit by Mark Stone.
12:47 of 2nd period - Shot by Mike Hoffman.
12:47 of 2nd period - Stopped by John Gibson with a rebound.
14:41 of 2nd period - Paul Martin is hit by Jussi Jokinen and loses puck.
15:05 of 2nd period - Shot by Mike Hoffman.
15:05 of 2nd period - Shot Misses the Net.
15:11 of 2nd period - Shot by Mike Hoffman.
15:11 of 2nd period - Shot Misses the Net.
15:13 of 2nd period - Shot by Michael Stone.
15:13 of 2nd period - Deflect By Eric Staal.
15:13 of 2nd period - Shot Misses the Net.
15:27 of 2nd period - Shot by Tyler Seguin.
15:27 of 2nd period - Shot Misses the Net.
15:31 of 2nd period - Shot by Brayden Schenn.
15:31 of 2nd period - Stopped by John Gibson without a rebound.
15:32 of 2nd period - Sam Gagner wins face-off versus Tyler Seguin in RedWings zone.
16:47 of 2nd period - Shot by Tyler Toffoli.
16:47 of 2nd period - Stopped by Craig Anderson with a rebound.
17:20 of 2nd period - Shot by Mark Stone.
17:20 of 2nd period - Stopped by John Gibson without a rebound.
17:21 of 2nd period - Eric Staal wins face-off versus Sam Gagner in RedWings zone.
17:31 of 2nd period - Shot by Mark Stone.
17:31 of 2nd period - Shot Misses the Net.
17:33 of 2nd period - Shot by Niklas Hjalmarsson.
17:33 of 2nd period - Stopped by John Gibson without a rebound.
17:34 of 2nd period - Erik Haula wins face-off versus Tyler Seguin in RedWings zone.
18:02 of 2nd period - Icing by Robbie Russo.
18:03 of 2nd period - Sam Gagner wins face-off versus Tyler Seguin in Senators zone.
18:20 of 2nd period - Shot by Jonathan Drouin.
18:20 of 2nd period - Shot Misses the Net.
18:22 of 2nd period - Shot by Sam Gagner.
18:22 of 2nd period - Shot Hit the Post.
18:24 of 2nd period - Shot by Nick Jensen.
18:24 of 2nd period - Shot Misses the Net.
18:31 of 2nd period - Icing by Robbie Russo.
18:32 of 2nd period - Brayden Schenn wins face-off versus Sean Monahan in Senators zone.
18:45 of 2nd period - Shot by Mark Stone.
18:45 of 2nd period - Shot Blocked by Paul Martin.
19:47 of 2nd period - Shot by Jonathan Drouin.
19:47 of 2nd period - Shot Misses the Net.
Goals for this period are 1 for Senators vs 0 for RedWings.
Shots for this period are 8 for Senators vs 5 for RedWings.

3rd period


0:01 of 3rd period - Tyler Seguin wins face-off versus Sean Monahan in neutral zone.
0:01 of 3rd period - Tyler Seguin is hit by Filip Forsberg.
0:05 of 3rd period - David Pastrnak is hit by Tyler Seguin and loses puck.
0:12 of 3rd period - Shot by Tyler Seguin.
0:12 of 3rd period - Stopped by John Gibson without a rebound.
0:13 of 3rd period - Erik Haula wins face-off versus Eric Staal in RedWings zone.
0:36 of 3rd period - Icing by Ryan Hartman.
0:37 of 3rd period - Tyler Seguin wins face-off versus Erik Haula in RedWings zone.
0:40 of 3rd period - Shot by Brayden Schenn.
0:40 of 3rd period - Stopped by John Gibson without a rebound.
0:41 of 3rd period - Sean Monahan wins face-off versus Tyler Seguin in RedWings zone.
1:35 of 3rd period - Off-side.
1:36 of 3rd period - Erik Haula wins face-off versus Anton Lander in neutral zone.
1:50 of 3rd period - Shot by Jussi Jokinen.
1:50 of 3rd period - Stopped by John Gibson without a rebound.
1:51 of 3rd period - Eric Staal wins face-off versus Sam Gagner in RedWings zone.
2:05 of 3rd period - Shot by Eric Staal.
2:05 of 3rd period - Shot Blocked by Nick Jensen.
2:07 of 3rd period - Shot by Michael Stone.
2:07 of 3rd period - Stopped by John Gibson without a rebound.
2:08 of 3rd period - Erik Haula wins face-off versus Anton Lander in RedWings zone.
2:35 of 3rd period - Dennis Seidenberg is hit by Kevin Bieksa and loses puck.
3:44 of 3rd period - Off-side.
3:45 of 3rd period - Eric Staal wins face-off versus Sam Gagner in neutral zone.
3:50 of 3rd period - Shot by Mark Stone.
3:50 of 3rd period - Shot Blocked by Nick Jensen.
3:58 of 3rd period - Shot by Loui Eriksson.
3:58 of 3rd period - Shot Misses the Net.
4:16 of 3rd period - Shot by Jonathan Drouin.
4:16 of 3rd period - Stopped by Craig Anderson without a rebound.
4:17 of 3rd period - Sean Monahan wins face-off versus Anton Lander in Senators zone.
4:18 of 3rd period - Shot by Filip Forsberg.
4:18 of 3rd period - Shot Misses the Net.
4:27 of 3rd period - Icing by Niklas Hjalmarsson.
4:28 of 3rd period - Sean Monahan wins face-off versus Anton Lander in Senators zone.
4:36 of 3rd period - Off-side.
4:37 of 3rd period - Eric Staal wins face-off versus Sam Gagner in neutral zone.
4:57 of 3rd period - Shot by Sam Gagner.
4:57 of 3rd period - Shot Misses the Net.
4:59 of 3rd period - Shot by Dennis Seidenberg.
4:59 of 3rd period - Stopped by Craig Anderson with a rebound.
5:36 of 3rd period - Shot by Filip Forsberg.
5:36 of 3rd period - Stopped by Craig Anderson without a rebound.
5:37 of 3rd period - Anton Lander wins face-off versus Erik Haula in Senators zone.
5:41 of 3rd period - Icing by Jussi Jokinen.
5:42 of 3rd period - Anton Lander wins face-off versus Sean Monahan in Senators zone.
6:02 of 3rd period - Sean Monahan is hit by Kevin Bieksa.
6:51 of 3rd period - Off-side.
6:52 of 3rd period - Sam Gagner wins face-off versus Tyler Seguin in neutral zone.
7:21 of 3rd period - Shot by Tyler Seguin.
7:21 of 3rd period - Deflect By Lauri Korpikoski.
7:21 of 3rd period - Shot Misses the Net.
7:23 of 3rd period - Shot by Michael Stone.
7:23 of 3rd period - Shot Misses the Net.
7:35 of 3rd period - Michael Stone is hit by Sam Gagner and loses puck.
7:54 of 3rd period - Shot by Eric Staal.
7:54 of 3rd period - Stopped by John Gibson with a rebound.
8:00 of 3rd period - Shot by Eric Staal.
8:00 of 3rd period - Deflect By Mike Hoffman.
8:00 of 3rd period - Shot Misses the Net.
8:04 of 3rd period - Shot by Mark Stone.
8:04 of 3rd period - Shot Misses the Net.
8:14 of 3rd period - Icing by Sam Gagner.
8:15 of 3rd period - Sam Gagner wins face-off versus Eric Staal in RedWings zone.
8:50 of 3rd period - Shot by David Pastrnak.
8:50 of 3rd period - Goal by David Pastrnak - Senators : 2 - RedWings : 2.
8:51 of 3rd period - Anton Lander wins face-off versus Erik Haula in neutral zone.
8:51 of 3rd period - Anton Lander is hit by Ryan Hartman.
8:57 of 3rd period - Shot by Jussi Jokinen.
8:57 of 3rd period - Shot Blocked by Eric Gryba.
9:05 of 3rd period - Shot by Jussi Jokinen.
9:05 of 3rd period - Goal by Jussi Jokinen - Senators : 3 - RedWings : 2.
9:06 of 3rd period - Sean Monahan wins face-off versus Tyler Seguin in neutral zone.
9:13 of 3rd period - Shot by Filip Forsberg.
9:13 of 3rd period - Shot Misses the Net.
9:15 of 3rd period - Shot by Ben Lovejoy.
9:15 of 3rd period - Shot Misses the Net.
9:56 of 3rd period - Shot by Ryan Hartman.
9:56 of 3rd period - Shot Misses the Net.
9:58 of 3rd period - Shot by Erik Haula.
9:58 of 3rd period - Shot Misses the Net.
10:18 of 3rd period - Shot by Tyler Toffoli.
10:18 of 3rd period - Shot Misses the Net.
11:14 of 3rd period - Shot by Mark Stone.
11:14 of 3rd period - Goal by Mark Stone - Senators : 4 - RedWings : 2.
11:15 of 3rd period - Erik Haula wins face-off versus Drew Miller in neutral zone.
12:18 of 3rd period - Shot by Sean Monahan.
12:18 of 3rd period - Shot Blocked by Kevin Bieksa.
12:20 of 3rd period - Shot by Sean Monahan.
12:20 of 3rd period - Stopped by Craig Anderson with a rebound.
12:22 of 3rd period - Shot by Filip Forsberg.
12:22 of 3rd period - Shot Misses the Net.
12:24 of 3rd period - Shot by Paul Martin.
12:24 of 3rd period - Stopped by Craig Anderson with a rebound.
12:26 of 3rd period - Shot by Sean Monahan.
12:26 of 3rd period - Goal by Sean Monahan - Senators : 4 - RedWings : 3.
12:27 of 3rd period - Eric Staal wins face-off versus Loui Eriksson in neutral zone.
12:27 of 3rd period - Eric Staal is hit by Loui Eriksson.
12:39 of 3rd period - Shot by Mark Stone.
12:39 of 3rd period - Stopped by John Gibson without a rebound.
12:40 of 3rd period - Tyler Seguin wins face-off versus Sean Monahan in RedWings zone.
13:42 of 3rd period - Shot by Eric Staal.
13:42 of 3rd period - Deflect By Mark Stone.
13:42 of 3rd period - Stopped by John Gibson without a rebound.
13:43 of 3rd period - Erik Haula wins face-off versus Anton Lander in RedWings zone.
13:50 of 3rd period - Shot by Anton Lander.
13:50 of 3rd period - Stopped by John Gibson without a rebound.
13:51 of 3rd period - Anton Lander wins face-off versus Sam Gagner in RedWings zone.
13:52 of 3rd period - Shot by Jussi Jokinen.
13:52 of 3rd period - Stopped by John Gibson without a rebound.
13:53 of 3rd period - Erik Haula wins face-off versus Anton Lander in RedWings zone.
14:02 of 3rd period - Shot by Erik Haula.
14:02 of 3rd period - Shot Misses the Net.
14:44 of 3rd period - Anton Lander is hit by Eric Gryba.
15:19 of 3rd period - Icing by Eric Gryba.
15:20 of 3rd period - Sam Gagner wins face-off versus Lauri Korpikoski in RedWings zone.
15:20 of 3rd period - Sam Gagner is hit by Tyler Seguin.
15:36 of 3rd period - Shot by Filip Forsberg.
15:36 of 3rd period - Shot Blocked by Michael Stone.
15:42 of 3rd period - Shot by Sean Monahan.
15:42 of 3rd period - Stopped by Craig Anderson without a rebound.
15:43 of 3rd period - Eric Staal wins face-off versus Erik Haula in Senators zone.
16:04 of 3rd period - Shot by Eric Staal.
16:04 of 3rd period - Goal by Eric Staal - Senators : 5 - RedWings : 3.
16:05 of 3rd period - Tyler Seguin wins face-off versus Sean Monahan in neutral zone.
17:00 of 3rd period - Off-side.
17:01 of 3rd period - Eric Staal wins face-off versus Erik Haula in neutral zone.
17:50 of 3rd period - Anton Lander is hit by Ryan Hartman and loses puck.
18:05 of 3rd period - Robbie Russo is hit by Jonathan Drouin and loses puck.
18:44 of 3rd period - Shot by Sean Monahan.
18:44 of 3rd period - Shot Misses the Net.
18:50 of 3rd period - Shot by Sean Monahan.
18:50 of 3rd period - Stopped by Craig Anderson without a rebound.
18:51 of 3rd period - Sean Monahan wins face-off versus Tyler Seguin in Senators zone.
18:56 of 3rd period - Shot by Sean Monahan.
18:56 of 3rd period - Stopped by Craig Anderson without a rebound.
18:57 of 3rd period - Eric Staal wins face-off versus Sean Monahan in Senators zone.
19:14 of 3rd period - Shot by Eric Staal.
19:14 of 3rd period - Shot Misses the Net.
19:20 of 3rd period - Shot by Filip Forsberg.
19:20 of 3rd period - Stopped by Craig Anderson without a rebound.
19:21 of 3rd period - Sam Gagner wins face-off versus Tyler Seguin in Senators zone.
19:30 of 3rd period - Minor Penalty to Tyler Seguin for Hooking.
19:31 of 3rd period - Sean Monahan wins face-off versus Anton Lander in Senators zone.
Goals for this period are 3 for Senators vs 2 for RedWings.
Shots for this period are 12 for Senators vs 11 for RedWings.